 Dungeon Crawl Stone Soup version 0.31-a0-865-g3d5d91748a (webtiles) character file.

Game seed: 18112474397928201177

17007 Getoffmy the Impaler (level 12, -10/90 HPs)
             Began as a Merfolk Monk on Oct 11, 2023.
             Was an Elder of Hepliaklqana.
             Mangled by a cane toad (22 damage)
             ... on level 2 of the Lair of Beasts.
             The game lasted 00:33:07 (9465 turns).

Getoffmy the Impaler (Merfolk Monk)                 Turns: 9465, Time: 00:33:08

Health: -10/90     AC:  9    Str: 11    XL:     12   Next: 43%
Magic:  16/16      EV: 14    Int: 15    God:    Hepliaklqana [****..]
Gold:   155        SH:  0    Dex: 22    Spells: 12/17 levels left

rFire   . . .        b - +2 glaive (heavy)
rCold   . . .        (shield currently unavailable)
rNeg    . . .        M - +1 acid dragon scales
rPois   .            B - +0 hat {Stlth+}
rElec   .            k - +0 cloak
rCorr   +            (no gloves)
SInv    .            H - +0 pair of boots
Will    +....        g - amulet of regeneration
Stlth   ++           i - +6 ring of dexterity
HPRegen 1.15/turn    D - ring of willpower
MPRegen 0.15/turn

%: no passive effects
@: confused, about to teleport, ambrosia-drunk
A: reduced essence, (nimble swimmer 2), mertail
a: Renounce Religion, Recall Ancestor, Ancestor Identity, Transference, Idealise


You were on level 2 of the Lair of Beasts.
You worshipped Hepliaklqana.
Hepliaklqana was greatly pleased with you.
You visited 2 branches of the dungeon, and saw 10 of its levels.
You also visited: Sewer.

You collected 491 gold pieces.
You spent 336 gold pieces at shops.

Inventory:

Hand Weapons
 b - a +2 heavy glaive (weapon)
 C - a +0 trident
Missiles
 l - 8 javelins
 m - 98 stones
 s - 42 poisoned darts
 x - 4 throwing nets
Armour
 d - an orb of light
 k - a +0 cloak (worn)
 B - a +0 hat of stealth (worn)
 H - a +0 pair of boots (worn)
 L - a +1 robe of fire resistance
 M - +1 acid dragon scales (worn)
Jewellery
 g - an amulet of regeneration (around neck)
 i - a +6 ring of dexterity (left hand)
 n - an amulet of magic regeneration
 w - an amulet of guardian spirit
 y - a ring of protection from cold
 z - a ring of flight
 D - a ring of willpower (right hand)
 Q - a +6 ring of intelligence
Wands
 v - a wand of flame (12)
 A - a wand of roots (7)
 E - a wand of acid (18)
 K - a wand of polymorph (8)
 O - a wand of digging (4)
 P - a wand of paralysis (1)
Scrolls
 c - 3 scrolls of fog
 h - 6 scrolls of revelation
 o - a scroll of noise {unknown}
 p - 3 scrolls of enchant armour
 r - a scroll of teleportation
 G - a scroll of immolation
 J - a scroll of brand weapon {unknown}
 N - 2 scrolls of amnesia
Potions
 e - 2 potions of enlightenment
 f - 2 potions of attraction
 j - 4 potions of curing
 q - 3 potions of lignification
 u - a potion of brilliance {unknown}
 F - a potion of mutation
 R - a potion of haste {unknown}


   Skills:
 + Level 11.5 Fighting
 * Level 18.4 Polearms
 - Level 4.4 Dodging
 - Level 3.1 Spellcasting
 - Level 3.6 Conjurations
 - Level 6.1 Ice Magic
 + Level 5.7 Invocations


You had 12 spell levels left.
You knew the following spells:

 Your Spells              Type           Power      Damage    Failure   Level
a - Freezing Cloud        Conj/Ice/Air   6%         6-21      92%         5

Your spell library contained the following spells:

 Spells                   Type           Power      Damage    Failure   Level
 Ozocubu's Armour         Ice            20%        N/A       8%          3
 Necrotise                Necr           8%         1d4       30%         1
 Poisonous Vapours        Pois/Air       4%         N/A       43%         2
 Mephitic Cloud           Conj/Pois/Air  6%         N/A       50%         3
 Vampiric Draining        Necr           2%         2d6       67%         3
 Agony                    Necr           2%         N/A       100%        5
 Ozocubu's Refrigeration  Ice            10%        4d9       100%        7


Dungeon Overview and Level Annotations

Branches:
Dungeon (8/15)             Temple (0/1) D:6            Lair (2/5) D:8
  Sewer (visited)
  Swamp: Lair:2-3    Shoals: Lair:2-3     Snake: Lair:2-3    Spider: Lair:2-3

Altars:
Ashenzari
Cheibriados
Elyvilon
Gozag
Hepliaklqana
Kikubaaqudgha
Makhleb
Uskayaw
Yredelemnul

Shops:
D:8 :**

Annotations:
Lair:2 Amaemon


Innate Abilities, Weirdness & Mutations

Your life essence is reduced to manifest your ancestor. (-10% HP)
((You are very nimble when in or above water. (Stealth+, EV+, Speed+++)))
Your lower body shifts to a powerful aquatic tail in water.


Message History

Aim: a cane toad (moderately wounded, about 25% to evade your +2 heavy glaive)
You slash the cane toad!
The cane toad is heavily wounded.
The cane toad stings you but does no damage.
The polar bear misses you. The polar bear claws you. The polar bear misses you.
Reach: b) +2 glaive (heavy)
Press: ? - help, Dir - move target, f/p - cane toad
Aim: a cane toad (heavily wounded, about 25% to evade your +2 heavy glaive)
You slice the cane toad!!
You kill the cane toad!
The polar bear misses you.
The polar bear claws you but does no damage.
The polar bear closely misses you.
The cane toad stings you but does no damage.
As you read the scroll of teleportation, it crumbles to dust.
You feel strangely unstable. The polar bear bites you!
The polar bear claws you but does no damage.
The polar bear closely misses you. The cane toad stings you!
* * * LOW HITPOINT WARNING * * *
The komodo dragon bites the bush but does no damage.
Reach: b) +2 glaive (heavy)
Press: ? - help, Dir - move target, f - cane toad
Aim: a cane toad (about 25% to evade your +2 heavy glaive)
You slice the cane toad!!
The cane toad is heavily wounded.
The polar bear closely misses you.
The polar bear claws you but does no damage.
The polar bear completely misses you. The cane toad stings you!!
* * * LOW HITPOINT WARNING * * *
The komodo dragon bites the bush!!
The polar bear barely misses you.
The polar bear claws you but does no damage.
The polar bear closely misses you.
Reach: b) +2 glaive (heavy)
Press: ? - help, Dir - move target, f/p - cane toad
Aim: a cane toad (heavily wounded, about 25% to evade your +2 heavy glaive)
Okay, then.
You are confused.
You feel invigorated. The cane toad closely misses you.
The komodo dragon bites the bush!
The cane toad stings you!!
You die...

#P......# .
#......#♣.
##......#.♣
#.......#.♣
#......#.♣
#......#.♣.♣.♣.
##.........~....
##P......#†♣.♣.♣.
#@hl.....#.♣
##F......#.♣
##......#.♣
#.......#♣.
##......# .
#P......# ♣
##......##
#.......#
#.......#


You could see a polar bear, a komodo dragon and a cane toad.

Vanquished Creatures
  A catoblepas (Lair:1)
  2 death yaks (D:8)
  3 elephants (Lair:1)
  A black mamba (Lair:2)
  4 cane toads
  Maggie (D:7)
  A blink frog (Lair:2)
  Sigmund (D:2)
  17 yaks
  Grum (D:8)
  2 water moccasins (Lair:2)
  An orc warrior (D:8)
  2 ogres (D:5)
  A centaur (D:8)
  12 wolves (Lair:1)
  A lemure (D:4)
  6 kobold brigands (Sewer)
  A phantom (D:7)
  5 bullfrogs
  A necrophage (D:6)
  2 scorpions
  3 wights
  5 killer bees (D:8)
  3 howler monkeys (D:8)
  2 hounds
  An orc priest (D:7)
  Ijyb (D:5)
  3 iguanas
  3 orc wizards
  A hound skeleton (D:6)
  3 gnolls (D:6)
  2 river rats (Sewer)
  6 adders
  A white imp (D:6)
  An ufetubus (D:6)
  5 worms (Sewer)
  2 dart slugs
  14 orcs
  5 bats
  16 endoplasms
  3 giant cockroaches
  6 goblins
  10 hobgoblins
  2 jackals (D:1)
  6 quokkas
  6 ball pythons
  2 frilled lizards
  14 kobolds
  6 rats
198 creatures vanquished.

Vanquished Creatures (collateral kills)
  A death yak (D:8)
  Pikel (D:5)
  A komodo dragon (Lair:1)
  A polar bear (Lair:2)
  A hornet (D:7)
  2 blink frogs (Lair:2)
  7 yaks
  A steam dragon (D:7)
  An acid dragon (D:8)
  A water moccasin (D:7)
  2 orc warriors
  2 sky beasts (D:6)
  A black bear (D:5)
  10 wolves
  3 ogres
  A centaur (D:7)
  2 lemures (D:5)
  A bullfrog (D:8)
  4 scorpions
  5 wights
  2 killer bees (D:8)
  3 howler monkeys
  A gnoll bouda (D:6)
  A jelly (D:5)
  Crazy Yiuf (D:7)
  An orc priest (D:8)
  A hound (D:5)
  An iguana (D:4)
  A sleepcap (D:7)
  4 orc wizards
  A mummy (D:4)
  6 gnolls (D:6)
  2 adders
  A shadow imp (D:6)
  A white imp (D:7)
  An ufetubus (D:5)
  A worm (D:5)
  A dart slug (D:4)
  10 orcs
  2 endoplasms (D:4)
  2 giant cockroaches (D:4)
  A hobgoblin (D:4)
  A quokka (D:4)
  A kobold (D:4)
95 creatures vanquished.

Vanquished Creatures (others)
  9 battlemagi
9 creatures vanquished.

Grand Total: 302 creatures vanquished

Notes
Turn   | Place    | Note
-------+----------+-------------------------------------------
     0 | D:1      | Getoffmy the Merfolk Monk began the quest for the Orb.
     0 | D:1      | Reached XP level 1. HP: 18/18 MP: 1/1
   173 | D:1      | Reached XP level 2. HP: 24/24 MP: 2/2
   443 | D:1      | Reached XP level 3. HP: 29/29 MP: 3/3
   911 | D:1      | Reached skill level 5 in Polearms
  1148 | D:2      | Found a faded altar of an unknown god.
  1261 | D:2      | Noticed Sigmund
  1310 | D:2      | Killed Sigmund
  1311 | D:2      | Reached skill level 6 in Polearms
  1311 | D:2      | Reached skill level 1 in Spellcasting
  1311 | D:2      | Reached XP level 4. HP: 35/38 MP: 3/6
  1311 | D:2      | Reached XP level 5. HP: 39/43 MP: 3/7
  1445 | D:2      | Found an ancient bone altar of Kikubaaqudgha.
  1840 | D:3      | Reached XP level 6. HP: 33/49 MP: 8/8
  1871 | D:3      | Found a glowing drain.
  1875 | Sewer    | Entered a sewer
  2038 | Sewer    | Reached skill level 7 in Polearms
  2144 | Sewer    | Reached skill level 5 in Fighting
  2144 | Sewer    | Reached XP level 7. HP: 36/56 MP: 10/10
  2372 | Sewer    | Reached skill level 8 in Polearms
  2741 | D:3      | Found a hazy altar of Hepliaklqana.
  3455 | D:3      | Became a worshipper of Hepliaklqana the Forgotten
  3455 | D:3      | Reached * piety under Hepliaklqana
  3455 | D:3      | Reached ** piety under Hepliaklqana
  3456 | D:3      | Remembered your ancestor Eugene as a battlemage
  3563 | D:3      | Learned a level 5 spell: Freezing Cloud
  3718 | D:4      | Reached skill level 9 in Polearms
  3867 | D:4      | Reached skill level 1 in Invocations
  3867 | D:4      | Reached XP level 8. HP: 56/57 MP: 12/12
  3893 | D:4      | Reached skill level 1 in Ice Magic
  4063 | D:4      | Found a snail-covered altar of Cheibriados.
  4098 | D:5      | Entered Level 5 of the Dungeon
  4100 | D:5      | Noticed Ijyb
  4205 | D:5      | Noticed Pikel
  4228 | D:5      | Killed Ijyb
  4234 | D:5      | Killed Pikel
  4235 | D:5      | Reached skill level 10 in Polearms
  4269 | D:5      | Reached skill level 11 in Polearms
  4269 | D:5      | Reached XP level 9. HP: 58/63 MP: 13/13
  4378 | D:5      | Found an opulent altar of Gozag.
  4707 | D:5      | Found a basalt altar of Yredelemnul.
  4923 | D:6      | Reached skill level 12 in Polearms
  5045 | D:6      | Reached skill level 5 in Ice Magic
  5148 | D:6      | Found a burning altar of Makhleb.
  5200 | D:6      | Found a staircase to the Ecumenical Temple.
  5608 | D:6      | Found a white marble altar of Elyvilon.
  5718 | D:7      | Reached skill level 13 in Polearms
  5722 | D:7      | Reached *** piety under Hepliaklqana
  5729 | D:7      | Reached XP level 10. HP: 72/72 MP: 14/14
  5779 | D:7      | Noticed Maggie
  5791 | D:7      | Killed Maggie
  6519 | D:7      | Found a runed translucent door.
  6520 | D:7      | Noticed Crazy Yiuf
  6844 | D:7      | Killed Crazy Yiuf
  6845 | D:7      | Reached skill level 1 in Conjurations
  6880 | D:8      | Found Wirghaoha's Assorted Antiques.
  6905 | D:8      | Found Ageeptid's Assorted Antiques.
  6911 | D:8      | Bought a jewelled glass wand for 112 gold pieces
  6911 | D:8      | Bought a silver ring for 140 gold pieces
  6911 | D:8      | Bought a scroll of teleportation for 84 gold pieces
  6974 | D:8      | Reached skill level 14 in Polearms
  7109 | D:8      | Found a broken altar of Ashenzari.
  7137 | D:8      | Noticed Grum
  7147 | D:8      | Killed Grum
  7372 | D:8      | Noticed a death yak
  7372 | D:8      | Noticed a death yak
  7372 | D:8      | Noticed a death yak
  7584 | D:8      | Killed a death yak
  7585 | D:8      | Reached skill level 15 in Polearms
  7644 | D:8      | Killed a death yak
  7645 | D:8      | Reached XP level 11. HP: 18/81 MP: 15/15
  7724 | D:8      | Killed a death yak
  7892 | D:8      | Found a staircase to the Lair.
  7910 | D:8      | Found a hide-covered altar of Uskayaw.
  7951 | D:8      | Found Qeutith's Book Emporium.
  8044 | D:8      | Reached skill level 10 in Fighting
  8108 | Lair:1   | Entered Level 1 of the Lair of Beasts
  8140 | Lair:1   | Reached skill level 16 in Polearms
  8522 | Lair:1   | Noticed a catoblepas
  8528 | Lair:1   | Killed a catoblepas
  8529 | Lair:1   | Reached skill level 17 in Polearms
  8598 | Lair:1   | Reached XP level 12. HP: 24/89 MP: 16/16
  8710 | Lair:1   | Identified the +7 mace "Dimotul" {holy, rC+}
  8717 | Lair:1   | Reached **** piety under Hepliaklqana
  9215 | Lair:2   | Noticed Amaemon
  9219 | Lair:2   | Reached skill level 5 in Invocations
  9351 | Lair:2   | Reached skill level 18 in Polearms
  9465 | Lair:2   | Mangled by a cane toad

Illustrated notes

Levels and vault maps discovered:
D:1:      dpeg_arrival_oval, layout_basic
D:2:      layout_basic, basic_altar, ebering_ecumenical_altar_mist,
          minmay_hedge_maze, uniq_sigmund
D:3:      layout_basic, nzn_hepliaklqana_mist_gate, gup_sewer_entry_bowl,
          minmay_misc_feat_iff, serial_bayou_lagoon_b
D:4:      layout_rooms, chei_slow_surprise, wad_rectangle_vault
D:5:      layout_cave_pools, mainiacjoe_overflow_surrounded_room,
          yredelemnul_altar_generic, chequers_jeans, uniq_ijyb, uniq_pikel
D:6:      layout_loops_cross, lemuel_coloured_pillars_altar,
          makhleb_blood_cavern_becter, minmay_temple_entry_from_below_b
D:7:      layout_loops_cross, grunt_ministairs_12, uniq_crazy_yiuf_cottage,
          uniq_maggie
D:8:      layout_basic, evilmike_ruin_ashenzari, mainiacjoe_overflow_brackets,
          dpeg_lair_monsters, serial_shops, nicolae_shop_trees, shop,
          nicolae_stop_n_shop_1, uniq_grum
Lair:1:   layout_regular_city, grunt_megastairs_5
Lair:2:   nzn_winding_woodlands_three_and_one [nzn_winding_woodlands_5x15_eye,
          nzn_winding_woodlands_5x15_sidewinder,
          nzn_winding_woodlands_5x15_pool, nzn_winding_woodlands_center_garden],
          layout_regular_city, elwin_shoals_entry_rooms, dummy_snake_entry,
          uniq_amaemon

Skill      XL: |  1  2  3  4  5  6  7  8  9 10 11 12 |
---------------+-------------------------------------+-----
Polearms       | 6 7 9 11 13 15 17 18 | 18.4
Fighting       | 4 5 6 8 9 10 11 | 11.5
Spellcasting   | 1 2 3 |  3.1
Invocations    | 1 4 5 |  5.7
Ice Magic      | 3 5 6 |  6.1
Conjurations   | 3 |  3.6
Dodging        | |  4.4

Action                     |  1- 3 |  4- 6 |  7- 9 | 10-12 || total
---------------------------+-------+-------+-------+-------++-------
  Melee: Spear             |   139 |   126 |   217 |       ||   482
         Tailslap          |       |    14 |    26 |       ||    40
         Trident           |       |       |   155 |   125 ||   280
         Glaive            |       |       |       |   173 ||   173
 Invoke: Ancestor Life: Ba |       |       |     1 |       ||     1
         Ancestor Identity |       |       |     1 |       ||     1
         Recall Ancestor   |       |       |       |     3 ||     3
  Evoke: Wand              |       |       |       |     3 ||     3
    Use: Scroll            |     3 |     3 |       |    16 ||    22
         Potion            |     2 |       |       |     5 ||     7
   Stab: Sleeping          |     1 |     1 |     2 |     1 ||     5
         Distracted        |       |       |     2 |     4 ||     6
 Armour: Robe              |    30 |    35 |    92 |    12 ||   169
         Acid dragon scale |       |       |       |   207 ||   207
  Dodge: Dodged            |    55 |    32 |   107 |   197 ||   391

Table legend: (Time is in decaauts)
 A = Elapsed time spent in this place.
 B = Non-inter-level travel time spent in this place.
 C = Inter-level travel time spent in this place.
 D = Time resting spent in this place.
 E = Time spent auto-exploring this place.
 F = Levels seen in this place.
 G = Mean time per level.
                   A        B        C        D        E       F      G
               +--------+--------+--------+--------+--------+-----+--------+
         Total |   9148 |   8613 |    535 |   1287 |   5205 |  11 |  831.6 |
       Dungeon |   7179 |   6685 |    494 |   1002 |   4238 |   8 |  897.4 |
          Lair |   1394 |   1353 |     41 |    259 |    665 |   2 |  697.0 |
         Sewer |    573 |    573 |      0 |     26 |    302 |   1 |  573.0 |
               +--------+--------+--------+--------+--------+-----+--------+

Top non-repeatable levels by time:
     D:7: 1280 daAuts
  Lair:1: 1169 daAuts
     D:1: 1162 daAuts
     D:8: 1095 daAuts
     D:3: 1002 daAuts
     D:6: 797 daAuts
     D:5: 698 daAuts
     D:2: 587 daAuts
   Sewer: 573 daAuts
     D:4: 554 daAuts
  Lair:2: 225 daAuts
